 Dungeon Crawl Stone Soup version 0.24.0-13-gcf9b3192b9 (webtiles) character file.

Game seed: 9880896386492591178, levelgen mode: deterministic

2194 Brecoman the Thaumaturge (level 9, -8/71 HPs)
             Began as a Mummy Necromancer on Nov 10, 2019.
             Was an Initiate of Kikubaaqudgha.
             Mangled by Harold
             ... wielding a +6 dire flail of draining
              (18 damage)
             ... on level 7 of the Dungeon.
             The game lasted 00:27:21 (9746 turns).

Brecoman the Thaumaturge (Mummy Necromancer)        Turns: 9746, Time: 00:27:22

Health: -8/71      AC:  7    Str: 13    XL:     9   Next: 12%
Magic:  0/21       EV:  9    Int: 15    God:    Kikubaaqudgha [......]
Gold:   428        SH:  0    Dex: 13    Spells: 16/25 levels left

rFire    x . .     SeeInvis .   m - +3 dagger (venom)
rCold    + . .     Gourm    .   (no shield)
rNeg     + + +     Faith    .   e - +0 scale mail (curse)
rPois    ∞         Spirit   .   (no helmet)
rElec    .         Reflect  .   (no cloak)
rCorr    .         Harm     .   (no gloves)
MR       +....                  g - +0 pair of boots
Stlth    ..........             (no amulet)
HPRegen  0.21/turn              (no ring)
MPRegen  0.17/turn              (no ring)

@: about to teleport, marked, very slightly contaminated
A: no food or potions, fire vulnerability, cold resistance 1, negative energy
resistance 3, torment resistance, unbreathing
a: Renounce Religion


You were on level 7 of the Dungeon.
You worshipped Kikubaaqudgha.
Kikubaaqudgha was noncommittal.
You were not hungry.

You visited 1 branch of the dungeon, and saw 7 of its levels.
You also visited: Ossuary.

You collected 428 gold pieces.

Inventory:

Hand Weapons
 f - a +0 dagger
 m - a +3 dagger of venom (weapon)
Missiles
 d - 299 stones (quivered)
Armour
 a - a +0 robe
 e - a cursed +0 scale mail (worn)
 g - a +0 pair of boots (worn)
Jewellery
 n - a cursed ring of attention {unknown}
Wands
 k - a wand of random effects (8)
 l - a wand of paralysis (7)
Scrolls
 b - 8 scrolls of identify
 c - 6 scrolls of amnesia
 h - 4 scrolls of teleportation
 i - 4 scrolls of remove curse
 j - 3 scrolls of fog
 o - a scroll of noise {unknown}


   Skills:
 + Level 6.8 Fighting
 - Level 1.5 Dodging
 - Level 1.5 Stealth
 + Level 8.8 Spellcasting
 + Level 8.1 Necromancy


You had 16 spell levels left.
You knew the following spells:

 Your Spells              Type           Power        Failure   Level  Hunger
a - Pain                  Necr           ####         1%          1    N/A
b - Animate Skeleton      Necr           N/A          1%          1    N/A
c - Vampiric Draining     Necr           ####......   6%          3    N/A
d - Animate Dead          Necr           N/A          19%         4    N/A

Your spell library contained the following spells:

 Spells                   Type           Power        Failure   Level  Hunger
 Regeneration             Chrm/Necr      Unusable     N/A         3    N/A

Dungeon Overview and Level Annotations

Branches:
Dungeon (7/15)            Ossuary (visited)
 Temple: D:4-7

Altars:
Gozag
Kikubaaqudgha
Makhleb
Vehumet
Yredelemnul

Annotations:
D:7 Harold


Innate Abilities, Weirdness & Mutations

You do not eat or drink.
Your flesh is vulnerable to fire.
You are immune to poison.
Your flesh is cold resistant. (rC+)
You are immune to negative energy. (rN+++)
You are immune to unholy pain and torment.
You can survive without breathing.


Message History

Harold is moderately wounded.
You feel life coursing into your body.
Your adder zombie bites Harold but does no damage.
The kobold hits your adder zombie with a +0 dagger.
Harold hits you with a +6 dire flail of draining!
* * * LOW HITPOINT WARNING * * *
Casting: Vampiric Draining (safe; 6% risk of failure)
Confirm with . or Enter, or press ? or * to list all spells.
Aiming: Vampiric Draining (safe; 6% risk of failure)
Press: ? - help, Shift-Dir - straight line, f/p - Harold
Aim: Harold, wielding a +6 dire flail of draining and wearing a +0 scale mail (moderately wounded) Harold is heavily wounded.
You feel life coursing into your body.
Your adder zombie bites Harold.
The kobold hits your adder zombie with a +0 dagger.
Your adder zombie bites Harold.
As you read the scroll of teleportation, it crumbles to dust.
You feel strangely unstable.
Harold hits you with a +6 dire flail of draining!!
You die...
Kikubaaqudgha rasps: "You have failed me!
Welcome... oblivion!"

... ... ## #####.#### #
.# .##.......### .# .#
#.# #. #.##...##.#
.#...###.##.........#
...####...........#.#
.....##..##KKK......#
......#...K...Z@@(..#
........###.#######......
..$#..## #.# #.#.#
.#.#..# #.# # .....># #.#
.#.##.# #.# .... ...
.#@## .#.#


You could see Harold, a big kobold, 3 kobolds and a friendly adder zombie.

Vanquished Creatures
  Pikel (D:6)
  A phantom (D:6)
  A sky beast (D:5)
  An ogre (D:5)
  A centaur (D:7)
  4 bullfrogs
  A wyvern zombie (D:6)
  A water moccasin zombie (Ossuary)
  2 scorpions
  A howler monkey (D:6)
  2 bullfrog zombies
  2 orc priests
  4 hounds
  A jelly (D:7)
  4 orc wizards
  4 worker ants
  3 big kobold zombies (Ossuary)
  2 mummies (Ossuary)
  4 gnolls
  A worker ant zombie (D:5)
  6 adders
  A shadow imp (D:5)
  An ooze (D:1)
  4 adder zombies (Ossuary)
  An adder skeleton (D:5)
  4 worms
  3 dart slugs
  8 leopard geckos
  17 orcs
  12 giant cockroaches
  10 hobgoblins
  3 jackals (D:2)
  2 quokkas
  4 bats
  A frilled lizard (D:2)
  2 gnoll zombies (Ossuary)
  7 goblins
  3 hobgoblin zombies (Ossuary)
  4 kobolds
  2 kobold zombies (Ossuary)
  7 orc zombies (Ossuary)
  A quokka zombie (D:5)
  4 rats
148 creatures vanquished.

Vanquished Creatures (collateral kills)
  2 ogres
  A crimson imp (D:7)
  2 adders
  An ooze (D:2)
  A ball python (D:3)
  A kobold (D:1)
  A jackal skeleton (D:4)
9 creatures vanquished.

Vanquished Creatures (others)
  3 slaves (D:6)
  A scorpion (D:6)
  A worker ant (D:6)
  A quokka (D:6)
6 creatures vanquished.

Grand Total: 163 creatures vanquished

Notes
Turn   | Place    | Note
-------+----------+-------------------------------------------
     0 | D:1      | Brecoman the Mummy Necromancer began the quest for the Orb.
     0 | D:1      | Reached XP level 1. HP: 13/13 MP: 4/4
    14 | D:1      | Learned a level 1 spell: Animate Skeleton
   393 | D:1      | Reached XP level 2. HP: 20/20 MP: 0/6
   663 | D:1      | Reached skill level 1 in Fighting
  1171 | D:1      | Reached XP level 3. HP: 26/26 MP: 3/7
  1397 | D:2      | Learned a level 3 spell: Vampiric Draining
  1672 | D:2      | Found a basalt altar of Yredelemnul.
  1706 | D:2      | Found a burning altar of Makhleb.
  2241 | D:2      | Reached XP level 4. HP: 33/33 MP: 1/9
  3172 | D:3      | Reached skill level 5 in Necromancy
  3172 | D:3      | Reached XP level 5. HP: 39/39 MP: 7/11
  3708 | D:3      | Reached XP level 6. HP: 36/47 MP: 9/13
  3784 | D:3      | Reached skill level 5 in Spellcasting
  4212 | D:4      | Found a sand-covered staircase.
  4217 | Ossuary  | Entered an ossuary
  4628 | Ossuary  | Reached XP level 7. HP: 33/54 MP: 15/15
  6274 | D:5      | Entered Level 5 of the Dungeon
  6863 | D:5      | Reached skill level 5 in Fighting
  6954 | D:5      | Reached XP level 8. HP: 29/62 MP: 11/18
  7604 | D:6      | Noticed Pikel
  7617 | D:6      | Killed Pikel
  8254 | D:6      | Found an opulent altar of Gozag.
  8580 | D:6      | Found an ancient bone altar of Kikubaaqudgha.
  8582 | D:6      | Found a radiant altar of Vehumet.
  8613 | D:6      | Reached XP level 9. HP: 51/71 MP: 21/21
  8619 | D:6      | Learned a level 4 spell: Animate Dead
  9568 | D:7      | Noticed Harold
  9587 | D:6      | Became a worshipper of Kikubaaqudgha
  9746 | D:7      | Mangled by Harold

Levels and vault maps discovered:
D:1:      nzn_arrival_water_spiral, layout_basic
D:2:      layout_rooms, makhleb_grotto_becter, yredelemnul_altar_generic,
          first_ration
D:3:      layout_rooms, kennysheep_generic_room_16
D:4:      layout_basic, enter_ossuary_5
D:5:      minmay_skewed_foursquare, layout_cave_pods
D:6:      layout_cave_pools, grunt_gozag_breadcrumbs,
          nicolae_overflow_hidden_temple, uniq_pikel
D:7:      layout_loops_cross, minmay_temple_entry_antechambers, uniq_harold

Skill      XL: |  1  2  3  4  5  6  7  8  9 |
---------------+----------------------------+-----
Spellcasting   | 3 4 5 7 8 |  8.8
Fighting       | 1 2 3 4 5 6 |  6.8
Necromancy     | 5 6 7 8 |  8.1
Dodging        | |  1.5
Stealth        | |  1.5

Action                   |  1- 3 |  4- 6 |  7- 9 || total
-------------------------+-------+-------+-------++-------
Melee: Unarmed           |    14 |       |       ||    14
       Dagger            |    38 |   215 |   367 ||   620
Throw: Stone             |       |     1 |       ||     1
 Cast: Pain              |    97 |    69 |    41 ||   207
       Animate Skeleton  |    13 |    13 |     9 ||    35
       Vampiric Draining |       |     4 |    16 ||    20
       Animate Dead      |       |       |     2 ||     2
  Use: Scroll            |       |     6 |     6 ||    12
 Stab: Distracted        |       |       |     1 ||     1
Armor: Robe              |    23 |     1 |       ||    24
       Scale mail        |       |    81 |   142 ||   223
Dodge: Dodged            |    86 |    90 |   152 ||   328
